 Dungeon Crawl Stone Soup version 0.31-a0-1-g4198be8af4 (webtiles) character file.

Game seed: 4927927835649603313

17054 qeuew the Protected (level 12, -5/116 HPs)
             Began as a Minotaur Fighter on May 2, 2023.
             Was a High Priest of Ru.
             Slain by a 14-headed hydra (10 damage)
             ... on level 2 of the Lair of Beasts.
             The game lasted 00:19:05 (11507 turns).

qeuew the Protected (Minotaur Fighter)             Turns: 11507, Time: 00:19:06

Health: -5/116     AC: 13    Str: 31    XL:     12   Next: 15%
Magic:  11/11      EV: 15    Int:  5    God:    Ru [*****.]
Gold:   915        SH: 13    Dex: 16    Spells: 11/11 levels left

rFire   + + .        a - +0 war axe (spect)
rCold   . . .        q - +6 buckler "Earthly Heaven" {+Blink rF+ Str+8 Int-5}
rNeg    . . .        b - +1 scale mail
rPois   .            (helmet restricted)
rElec   .            t - +2 cloak {rF+}
rCorr   +            (no gloves)
SInv    .            s - +1 pair of boots {Stlth+}
Will    .....        (no amulet)
Stlth   ++           i - ring of resist corrosion
HPRegen 0.39/turn    u - +6 ring of intelligence
MPRegen 0.12/turn

%: no passive effects
@: no status effects
A: horns 2, inability to use devices, no poison magic, no translocations magic,
no transmutations magic, reduced AC 1, retaliatory headbutt, iridescent scales
1, agile 1, robust 1, sturdy frame 1
a: Renounce Religion, Sacrifice Resistance, Sacrifice Courage, Sacrifice
Nimbleness, Reject Sacrifices, Draw Out Power, Power Leap, Apocalypse


You were on level 2 of the Lair of Beasts.
You worshipped Ru.
Ru was extremely pleased with you.
You visited 2 branches of the dungeon, and saw 11 of its levels.
You also visited: Ossuary and Volcano.

You collected 915 gold pieces.

Inventory:

Hand Weapons
 a - a +0 spectral war axe (weapon)
Armour
 b - a +1 scale mail (worn)
 q - the +6 buckler "Earthly Heaven" (worn) {+Blink rF+ Str+8 Int-5}
   (You found it on level 8 of the Dungeon)

   Str:       It affects your strength (+8).
   Int:       It affects your intelligence (-5).
   rF:        It protects you from fire.
   +Blink:    It lets you blink.
 s - a +1 pair of boots of stealth (worn)
 t - a +2 cloak of fire resistance (worn)
Jewellery
 i - a ring of resist corrosion (left hand)
 u - a +6 ring of intelligence (right hand)
Scrolls
 e - 4 scrolls of identify
 j - 3 scrolls of brand weapon
 k - a scroll of magic mapping
 l - 3 scrolls of teleportation
 m - 2 scrolls of blinking
 n - 7 scrolls of enchant armour
 o - a scroll of fear
 w - a scroll of enchant weapon
Potions
 c - a potion of flight
 d - 4 potions of might
 f - 3 potions of magic
 g - 3 potions of resistance
 h - 5 potions of curing
 p - 4 potions of brilliance
 r - 2 potions of mutation
 v - a potion of haste
 x - 2 potions of berserk rage
 z - a potion of invisibility
 A - a potion of heal wounds


   Skills:
 + Level 9.8 Fighting
 * Level 13.1 Axes
 * Level 13.3 Armour
 + Level 8.2 Dodging
 + Level 9.9 Shields


You had 11 spell levels left.
You didn't know any spells.
Your spell library contained the following spells:

 Spells                   Type           Power      Damage    Failure   Level
 Necrotise                Necr           0%         1d4       63%         1
 Dazzling Flash           Conj/Hex       0%         N/A       94%         3
 Stone Arrow              Conj/Erth      0%         3d7       94%         3
 Vampiric Draining        Necr           0%         2d6       94%         3
 Animate Armour           Summ/Erth      0%         N/A       100%        4
 Agony                    Necr           0%         N/A       100%        5
 Freezing Cloud           Conj/Ice/Air   0%         6-21      100%        5
 Silence                  Hex/Air        0%         N/A       100%        5
 Simulacrum               Ice/Necr       0%         N/A       100%        6
 Ozocubu's Refrigeration  Ice            0%         4d7       100%        7
 Lehudib's Crystal Spear  Conj/Erth      0%         10d2      100%        8
 Polar Vortex             Ice            0%         N/A       100%        9
 Cigotuvi's Dreadful Rot  Necr/Pois/Air  Unusable   N/A       N/A         2
 Ignite Poison            Fire/Tmut/Pois Unusable   N/A       N/A         3

Dungeon Overview and Level Annotations

Branches:
Dungeon (9/15)             Temple (0/1) D:7            Lair (2/5) D:9
  Swamp (0/4) Lair:2          Orc (0/2) D:9         Ossuary (visited)
Volcano (visited)
  Snake: Lair:2-3    Spider: Lair:2-3

Altars:
Elyvilon
Gozag
Nemelex Xobeh
Okawaru
Qazlal
Ru
Xom
Yredelemnul
The Shining One

Shops:
D:4 *

Annotations:
Lair:2 1 runed translucent door, BigDaddyOpFi's ghost, journeyman FoFi


Innate Abilities, Weirdness & Mutations

You have a pair of horns on your head.
You cannot study or use magical devices.
You cannot study or cast Poison magic.
You cannot study or cast Translocations magic.
You cannot study or cast Transmutations magic.
You take slightly more damage. (AC -5)
You reflexively headbutt those who attack you in melee.
You are partially covered in iridescent scales. (AC +2)
You are agile. (Dex +4, Str/Int -1)
You are robust. (+10% HP)
Your movements are slightly less encumbered by armour. (ER -2)


Message History

The 12-headed hydra bites you.
You lop one of the 12-headed hydra's heads off!
The 11-headed hydra grows two more!
You slash the 13-headed hydra!
The 13-headed hydra is severely wounded.
You block the 13-headed hydra's attack. The 13-headed hydra barely misses you.
The 13-headed hydra bites you!
The 13-headed hydra bites you but does no damage.
The 13-headed hydra bites you. The 13-headed hydra barely misses you.
The 13-headed hydra bites you. x2; You block the 13-headed hydra's attack.
The 13-headed hydra bites you. The 13-headed hydra closely misses you.
The 13-headed hydra misses you. The 13-headed hydra closely misses you.
You barely miss the 13-headed hydra.
The 13-headed hydra is severely wounded.
The 13-headed hydra is stunned by your conviction and fails to attack.
Unknown command.
You barely miss the 13-headed hydra. You headbutt the 13-headed hydra!
The 13-headed hydra is severely wounded.
You block the 13-headed hydra's attack.
The 13-headed hydra bites you but does no damage.
The 13-headed hydra bites you. The 13-headed hydra bites you!
You block the 13-headed hydra's attack. The 13-headed hydra bites you!
* * * LOW HITPOINT WARNING * * *
The 13-headed hydra bites you but does no damage. x3
You block the 13-headed hydra's attack. The 13-headed hydra misses you.
You block the 13-headed hydra's attack. The 13-headed hydra bites you!
* * * LOW HITPOINT WARNING * * *
You hack one of the 13-headed hydra's heads off!
The 12-headed hydra grows two more!
You hit the 14-headed hydra. You headbutt the 14-headed hydra!
The 14-headed hydra is severely wounded.
The 14-headed hydra closely misses you. The 14-headed hydra bites you.
* * * LOW HITPOINT WARNING * * *
The 14-headed hydra bites you!
* * * LOW HITPOINT WARNING * * *
The 14-headed hydra bites you but does no damage.
You block the 14-headed hydra's attack. The 14-headed hydra bites you.
* * * LOW HITPOINT WARNING * * *
The 14-headed hydra bites you but does no damage. x2
The 14-headed hydra bites you!
You die...

#.........+.....+......
#.#..###.#.......#.....
#.#....#.#......#.###).
#...............###.#P.
#......................
#......................
#......................
#.P#.#.###.............
*#.####@# #P.....###.###
#..* *#D#***...,,**##***
##,***...,*,,..,,,*****,
*,,,*#....,+,,,,,***,,,*
**,*,....##*,,,,,***,,,,
*,,.....# *,,,,,,*,,,,,
*,*##..##**,,,,,**,,,,,
**,* ####**,,,,,,***,,,*
*,,*****,,,*,,,,,* *,,**


You could see a 14-headed hydra.

Vanquished Creatures
  Gastronok (Lair:1)
  Erolcha (D:9)
  4 two-headed ogres (Volcano)
  A boulder beetle (Lair:2)
  A necromancer (Lair:2)
  A salamander (Volcano)
  Joseph (D:7)
  6 cane toads
  2 rime drakes
  Maggie (D:7)
  5 komodo dragons (Lair:1)
  A shadow (D:9)
  A wyvern (D:9)
  3 yaks (D:9)
  A basilisk (Lair:1)
  Grum (D:8)
  3 fire bats (Volcano)
  7 humans
  A warg (D:9)
  An acid dragon (D:6)
  A water moccasin (D:9)
  Duvessa (D:7)
  2 ice beasts
  3 orc warriors (D:9)
  4 black bears
  4 wolves (D:8)
  5 centaurs
  3 phantoms
  4 elf zombies (Ossuary)
  7 kobold brigands
  6 bullfrogs
  3 scorpions
  A wyvern zombie (D:6)
  Dowan (D:7)
  8 killer bees
  A howler monkey (D:6)
  A bullfrog zombie (D:6)
  4 centaur zombies (D:6)
  6 orc priests
  A human zombie (Ossuary)
  3 hounds
  A jelly (D:6)
  3 sleepcaps
  4 iguanas
  6 orc wizards
  3 wolf simulacra (Lair:2)
  6 yak simulacra (Lair:2)
  A killer bee zombie (D:6)
  2 hound zombies (Ossuary)
  4 mummies
  10 gnolls
  11 adders
  2 white imps
  An ufetubus (D:6)
  2 adder zombies (Ossuary)
  A worm (D:5)
  A dart slug (D:1)
  27 orcs
  3 bats
  6 endoplasms
  3 giant cockroaches
  A gnoll zombie (Ossuary)
  5 goblins
  7 hobgoblins
  4 quokkas
  3 ball pythons
  14 frilled lizards
  7 goblin zombies
  2 hobgoblin zombies (Ossuary)
  5 jackal zombies (Ossuary)
  28 kobolds
  3 kobold zombies (Ossuary)
  2 orc zombies (Ossuary)
  3 quokka zombies (Ossuary)
  6 rats (D:1)
  5 rat zombies (Ossuary)
  2 river rat simulacra (Lair:2)
306 creatures vanquished.

Vanquished Creatures (others)
  A wyvern (D:9)
  A kobold brigand (D:8)
  An orc priest (D:9)
  2 fungi (Lair:1)
  10 plants
  3 spectral weapons
18 creatures vanquished.

Grand Total: 324 creatures vanquished

Notes
Turn   | Place    | Note
-------+----------+-------------------------------------------
     0 | D:1      | qeuew the Minotaur Fighter began the quest for the Orb.
     0 | D:1      | Reached XP level 1. HP: 19/19 MP: 0/0
   249 | D:1      | Reached XP level 2. HP: 27/27 MP: 1/1
   606 | D:1      | Reached XP level 3. HP: 31/33 MP: 2/2
  1062 | D:2      | Found a faded altar of an unknown god.
  1063 | D:2      | Noticed a great orb of eyes
  1068 | D:2      | Noticed a shining eye
  1072 | D:2      | Noticed a great orb of eyes
  1072 | D:2      | Noticed a golden eye
  1163 | D:2      | Prayed at the altar of an unknown god.
  1163 | D:2      | Became a worshipper of Ru the Awakened
  1164 | D:2      | Gained mutation: You cannot study or use magical devices.
                  | [Ru sacrifice]
  1164 | D:2      | Reached * piety under Ru
  1164 | D:2      | Reached ** piety under Ru
  1412 | D:2      | Reached XP level 4. HP: 40/40 MP: 3/3
  1436 | D:2      | Reached skill level 1 in Dodging
  1500 | D:2      | Gained mutation: You are robust. (+10% HP) [potion of
                  | mutation]
  1500 | D:2      | Gained mutation: You are agile. (Dex +4, Str/Int -1)
                  | [potion of mutation]
  1500 | D:2      | Gained mutation: You are partially covered in iridescent
                  | scales. (AC +2) [potion of mutation]
  1500 | D:2      | Gained mutation: Your movements are slightly less
                  | encumbered by armour. (ER -2) [potion of mutation]
  1977 | D:3      | Found a sacrificial altar of Ru.
  2161 | D:4      | Found Raimotoo's Assorted Antiques.
  2229 | D:4      | Reached XP level 5. HP: 50/50 MP: 4/4
  2264 | D:4      | Reached skill level 5 in Armour
  2292 | D:4      | Found a sparkling altar of Nemelex Xobeh.
  2481 | D:4      | Found a sand-covered staircase.
  2491 | Ossuary  | Entered an ossuary
  2570 | Ossuary  | Reached XP level 6. HP: 50/58 MP: 5/5
  2575 | Ossuary  | Reached skill level 5 in Axes
  2747 | Ossuary  | Reached XP level 7. HP: 36/66 MP: 6/6
  2788 | Ossuary  | Reached skill level 5 in Shields
  3044 | D:4      | Reached skill level 5 in Fighting
  3281 | D:4      | Gained mutation: You cannot study or cast Poison magic. [Ru
                  | sacrifice]
  3281 | D:4      | Gained mutation: You cannot study or cast Transmutations
                  | magic. [Ru sacrifice]
  3281 | D:4      | Gained mutation: You cannot study or cast Translocations
                  | magic. [Ru sacrifice]
  3281 | D:4      | Reached *** piety under Ru
  3504 | D:5      | Entered Level 5 of the Dungeon
  3786 | D:5      | Found an iron altar of Okawaru.
  3935 | D:5      | Found a stormy altar of Qazlal.
  4035 | D:5      | Reached XP level 8. HP: 75/75 MP: 7/7
  4167 | D:5      | Found an opulent altar of Gozag.
  5099 | D:6      | Found a basalt altar of Yredelemnul.
  5179 | D:6      | Found a shimmering altar of Xom.
  5436 | D:6      | Reached XP level 9. HP: 70/82 MP: 8/8
  5438 | D:6      | Gained mutation: You take slightly more damage. (AC -5) [Ru
                  | sacrifice]
  5438 | D:6      | Reached **** piety under Ru
  5438 | D:6      | Reached ***** piety under Ru
  5736 | D:6      | Found a white marble altar of Elyvilon.
  5928 | D:7      | Noticed Maggie
  5936 | D:7      | Killed Maggie
  6112 | D:7      | Reached skill level 5 in Dodging
  6365 | D:7      | Noticed Joseph
  6375 | D:7      | Killed Joseph
  6382 | D:7      | Noticed Dowan
  6388 | D:7      | Killed Dowan
  6466 | D:7      | Noticed Duvessa
  6473 | D:7      | Killed Duvessa
  6884 | D:7      | Found a staircase to the Ecumenical Temple.
  6899 | D:7      | Found a glowing golden altar of the Shining One.
  7155 | D:8      | Reached XP level 10. HP: 55/94 MP: 9/9
  7162 | D:8      | Reached skill level 10 in Armour
  7432 | D:8      | Identified the +6 buckler "Earthly Heaven" {+Blink rF+
                  | Str+8 Int-5}
  7444 | D:8      | Lost intelligence.
  7506 | D:8      | Noticed Grum
  7514 | D:8      | Killed Grum
  7517 | D:8      | Reached skill level 10 in Axes
  8684 | D:9      | Found a staircase to the Lair.
  8735 | D:9      | Noticed Erolcha
  8741 | D:9      | Killed Erolcha
  8914 | D:9      | Found a staircase to the Orcish Mines.
  8932 | D:9      | Reached XP level 11. HP: 90/104 MP: 10/10
  9370 | Lair:1   | Entered Level 1 of the Lair of Beasts
  9593 | Lair:1   | Noticed Gastronok
  9606 | Lair:1   | Killed Gastronok
 10261 | Lair:2   | Found a dark tunnel.
 10266 | Volcano  | Entered a volcano
 10331 | Volcano  | Noticed a two-headed ogre
 10341 | Volcano  | Killed a two-headed ogre
 10469 | Volcano  | Noticed a two-headed ogre
 10469 | Volcano  | Noticed a two-headed ogre
 10469 | Volcano  | Noticed a two-headed ogre
 10470 | Volcano  | Killed a two-headed ogre
 10470 | Volcano  | Killed a two-headed ogre
 10472 | Volcano  | Killed a two-headed ogre
 10910 | Lair:2   | Found a runed translucent door.
 10910 | Lair:2   | Noticed BigDaddyOpFi's ghost (journeyman FoFi)
 10931 | Lair:2   | Found a staircase to the Swamp.
 10943 | Lair:2   | Reached XP level 12. HP: 116/116 MP: 11/11
 11048 | Lair:2   | Noticed a boulder beetle
 11061 | Lair:2   | Killed a boulder beetle
 11496 | Lair:2   | Noticed an eight-headed hydra
 11507 | Lair:2   | HP: 5/116 [14-headed hydra (1)]
 11507 | Lair:2   | Slain by a 14-headed hydra

Illustrated notes

Levels and vault maps discovered:
D:1:      psy_arrival_conway, layout_basic, minmay_strange_pillars,
          minmay_lizard_king
D:2:      layout_loops_ring, hellmonk_ecumenical_altar_watching_god,
          nicolae_underground_beach
D:3:      layout_rooms, mainiacjoe_overflow_cross_hatched,
          minmay_misc_feat_room, kennysheep_nondescript
D:4:      layout_loops_corners, general_overflow_altar, serial_glass,
          glass_columns_a, glass_columns_b, glass_columns_c, glass_columns_a,
          glass_columns_a, glass_columns_c, glass_columns_b, glass_columns_c,
          glass_columns_b, glass_columns_b, nicolae_ossuary_entry_giza,
          serial_shops, nicolae_shop_tiny_statue_garden,
          kennysheep_generic_room_14
D:5:      layout_layer_cave, okawaru_trees_2, grunt_qazlal_clouds,
          nicolae_gozag_seed_capital
D:6:      layout_basic, marbit_many_paths, nicolae_yredelemnul_corpse_copse,
          mainiacjoe_overflow_brackets
D:7:      layout_loops_cross, kennysheep_mini_moat,
          minmay_temple_entry_enclosed_plants, uniq_maggie, uniq_duvessa,
          uniq_joseph
D:8:      layout_basic, minmay_ruffians, uniq_grum
D:9:      layout_basic, lair_entry_dummy, erik_orc_4,
          minmay_fractal_squares_diagonal_5, uniq_erolcha
Lair:1:   layout_roguey, beast_lair_carwin_2, uniq_gastronok
Lair:2:   layout_regular_city, swamp_mist, enter_volcano_4,
          ebering_ghost_inner_flame, eino_house_with_fridge

Skill      XL: |  1  2  3  4  5  6  7  8  9 10 11 12 |
---------------+-------------------------------------+-----
Armour         | 4 5 6 8 9 11 13 | 13.3
Axes           | 3 4 5 6 8 9 11 12 13 | 13.1
Shields        | 4 5 6 7 8 9 |  9.9
Fighting       | 4 5 6 7 8 9 |  9.8
Dodging        | 1 2 3 4 5 6 8 |  8.2

Action                     |  1- 3 |  4- 6 |  7- 9 | 10-12 || total
---------------------------+-------+-------+-------+-------++-------
  Melee: War axe           |   111 |   118 |   250 |   222 ||   701
         Headbutt          |    11 |    19 |    55 |    49 ||   134
 Invoke: Sacrifice Artific |     1 |       |       |       ||     1
         Sacrifice Arcana  |       |       |     1 |       ||     1
         Sacrifice Health  |       |       |     1 |       ||     1
         Apocalypse        |       |       |       |     3 ||     3
    Use: Scroll            |     3 |     8 |     6 |     4 ||    21
         Potion            |     2 |     2 |     7 |     1 ||    12
   Stab: Invisible         |       |     1 |     1 |     2 ||     4
         Distracted        |       |     1 |     5 |     4 ||    10
         Paralysed         |       |       |     1 |     3 ||     4
 Armour: Scale mail        |    55 |    42 |    57 |    41 ||   195
  Dodge: Dodged            |    40 |    36 |    94 |    91 ||   261
  Block: Buckler           |    19 |    18 |    41 |    94 ||   172

Table legend: (Time is in decaauts)
 A = Elapsed time spent in this place.
 B = Non-inter-level travel time spent in this place.
 C = Inter-level travel time spent in this place.
 D = Time resting spent in this place.
 E = Time spent auto-exploring this place.
 F = Levels seen in this place.
 G = Mean time per level.
                   A        B        C        D        E       F      G
               +--------+--------+--------+--------+--------+-----+--------+
         Total |  11934 |  11390 |    544 |    124 |   9536 |  13 |  918.0 |
       Dungeon |   9305 |   8802 |    503 |    124 |   7392 |   9 | 1033.9 |
          Lair |   1656 |   1616 |     40 |      0 |   1452 |   2 |  828.0 |
       Ossuary |    500 |    500 |      0 |      0 |    329 |   1 |  500.0 |
       Volcano |    471 |    471 |      0 |      0 |    363 |   1 |  471.0 |
               +--------+--------+--------+--------+--------+-----+--------+

Top non-repeatable levels by time:
     D:5: 1455 daAuts
     D:8: 1288 daAuts
     D:7: 1225 daAuts
     D:9: 1198 daAuts
     D:6: 1066 daAuts
     D:4: 882 daAuts
  Lair:1: 866 daAuts
     D:1: 855 daAuts
  Lair:2: 790 daAuts
     D:2: 683 daAuts
     D:3: 648 daAuts
 Ossuary: 500 daAuts
 Volcano: 471 daAuts
